 Dungeon Crawl Stone Soup version 0.28-a0-429-g1448048969 (webtiles) character file.

Game seed: 14748459614871540706

148 timneilson the Shield-Bearer (level 5, -2/33 HPs)
             Began as a Gargoyle Fighter on Sept 12, 2021.
             Was an Initiate of Okawaru.
             Slain by Menkaure (9 damage)
             ... on level 4 of the Dungeon.
             The game lasted 00:03:41 (3194 turns).

timneilson the Shield-Bearer (Gargoyle Fighter)     Turns: 3194, Time: 00:03:42

Health: -2/33      AC: 13    Str: 21    XL:     5   Next: 30%
Magic:  5/5        EV:  7    Int:  8    God:    Okawaru [......]
Gold:   191        SH:  0    Dex:  9    Spells: 4/4 levels left

rFire   . . .      SeeInvis .   a - +0 long sword
rCold   . . .      Faith    .   c - +0 buckler
rNeg    + . .      Spirit   .   g - +0 chain mail
rPois   ∞          Reflect  .   (no helmet)
rElec   +          Harm     .   (no cloak)
rCorr   .          Rampage  .   (no gloves)
Will    .....                   (no boots)
Stlth   ..........              (no amulet)
HPRegen 0.11/turn               (no ring)
MPRegen 0.09/turn               (no ring)

@: confused, mighty
A: sickness immunity, AC +4, negative energy resistance 1, electricity
resistance, torment resistance 1, petrification resistance
a: Renounce Religion


You were on level 4 of the Dungeon.
You worshipped Okawaru.
Okawaru was noncommittal.
You visited 2 branches of the dungeon, and saw 5 of its levels.

You collected 191 gold pieces.

Inventory:

Hand Weapons
 a - a +0 long sword (weapon)
Armour
 c - a +0 buckler (worn)
 g - a +0 chain mail (worn)
 k - a +0 plate armour
Scrolls
 l - a scroll of identify {unknown}
 o - a scroll of torment {unknown}
Potions
 b - a potion of ambrosia {unknown}
 e - 2 potions of curing {unknown}
 h - a potion of cancellation {unknown}
 i - a potion of lignification {unknown}
 j - a potion of attraction {unknown}
 m - a potion of degeneration {unknown}
 n - a potion of magic {unknown}


   Skills:
 + Level 3.7 Fighting
 * Level 2.9 Long Blades
 * Level 4.4 Armour
 * Level 4.4 Shields
 + Level 0.2 Invocations


You had 4 spell levels left.
You didn't know any spells.
Your spell library was empty.

Dungeon Overview and Level Annotations

Branches:
Dungeon (4/15)             Temple (1/1) D:4

Altars:
Ashenzari
Dithmenos
Elyvilon
Fedhas
Kikubaaqudgha
Makhleb
Nemelex Xobeh
Okawaru
Qazlal
Ru
Sif Muna
Trog
Vehumet
Wu Jian
Xom
Yredelemnul
Zin
The Shining One

Annotations:
D:4 Menkaure


Innate Abilities, Weirdness & Mutations

You are immune to sickness and miasma.
Your stone body is resilient. (AC +4)
You are immune to poison.
You resist negative energy. (rN+)
You are resistant to electric shocks. (rElec)
You are resistant to unholy torment.
You are immune to petrification.


Message History

* * * LOW HITPOINT WARNING * * *
You hear a shout!
Unknown command.
Okay, then.
You feel much better. Something hits you.
You feel very mighty all of a sudden. You block something's attack.
You barely miss something. You block something's attack.
You barely miss Menkaure.
Menkaure calls on the powers of darkness!
Your body is wracked with pain!
Something is bathed in an unholy light!
Something hits you but does no damage.
An orc wizard comes into view. It is wielding a +0 dagger.
You slash Menkaure!
Menkaure is moderately damaged.
You hear some strange, mumbled words.
A magic dart appears from out of thin air!
The magic dart hits you.
Menkaure casts a spell.
Menkaure seems to speed up.
You hear some strange, mumbled words.
You are confused.
You bump into the rock wall.
Menkaure casts a spell at you. Pain shoots through your body!
Something hits you but does no damage.
Menkaure gestures at you while chanting.
Pain shoots through your body!
You bump into the rock wall.
Menkaure casts a spell at you. Pain shoots through your body!
* * * LOW HITPOINT WARNING * * *
Something hits you but does no damage.
Unknown command.
You bump into the stone wall.
The orc wizard gestures wildly while chanting.
The orc wizard flickers and vanishes!
Menkaure closely misses you.
You hear some strange, mumbled words.
Something tries to affect you, but you resist.
Menkaure hits you!
You die...

....######).)###.............####
....# #..#####...........†# ....#
##..##.##.#.........# ....#
##.......#...........#
....#####..#..>...#............
..........###..................
###...>...###..####.............
..........##..######.............
.........##..#){@##........
........#......#)M{........
.....).........###.........
...............# #.........
...............# #....####+
...............# #....#
.....########### #....# .....#
#....# ###### #....#


You could see Menkaure (fast).

Vanquished Creatures
  An orc priest (D:4)
  4 gnolls (D:3)
  2 adders
  A dart slug (D:1)
  8 orcs
  3 ball pythons
  3 bats
  5 endoplasms
  5 giant cockroaches
  2 goblins (D:3)
  3 hobgoblins
  3 jackals (D:1)
  3 kobolds
  2 quokkas
  2 frilled lizards
  3 rats
50 creatures vanquished.

Notes
Turn   | Place    | Note
-------+----------+-------------------------------------------
     0 | D:1      | timneilson the Gargoyle Fighter began the quest for the
                  | Orb.
     0 | D:1      | Reached XP level 1. HP: 14/14 MP: 1/1
   410 | D:1      | Reached XP level 2. HP: 18/19 MP: 2/2
  1181 | D:2      | Reached XP level 3. HP: 23/23 MP: 3/3
  1202 | D:2      | Found a faded altar of an unknown god.
  2027 | D:3      | Reached XP level 4. HP: 2/28 MP: 4/4
  2276 | D:3      | Found a shimmering blue altar of Sif Muna.
  2725 | D:3      | Found a burning altar of Makhleb.
  2734 | D:3      | Found a blossoming altar of Fedhas.
  2889 | D:4      | Found a staircase to the Ecumenical Temple.
  2903 | Temple   | Entered the Ecumenical Temple
  2964 | Temple   | Became a worshipper of Warmaster Okawaru
  3168 | D:4      | Reached XP level 5. HP: 12/33 MP: 5/5
  3183 | D:4      | Noticed Menkaure
  3194 | D:4      | Slain by Menkaure

Illustrated notes

Levels and vault maps discovered:
D:1:      minmay_arrival_four_loops, layout_loops_ring, minivault_5
D:2:      layout_basic, ebering_ecumenical_altar_hall
D:3:      layout_loops_ring, led_sif_pool, mainiacjoe_overflow_swirl
D:4:      layout_basic, minmay_temple_entry_wispy, uniq_menkaure,
          uniq_blork_the_orc, uniq_edmund
Temple:   regret_index_temple_waves

Skill      XL: |  1  2  3 |
---------------+----------+-----
Long Blades    | 2 |  2.9
Armour         | 4 |  4.4
Shields        | 4 |  4.4
Fighting       | |  3.7
Invocations    | |  0.2

Action                   |  1- 3 |  4- 6 || total
-------------------------+-------+-------++-------
Melee: Long sword        |    79 |   117 ||   196
  Use: Scroll            |     4 |       ||     4
       Potion            |       |     3 ||     3
Armor: Scale mail        |    19 |       ||    19
       Chain mail        |    22 |    92 ||   114
Dodge: Dodged            |    32 |    50 ||    82
Block: Buckler           |    20 |    34 ||    54

Table legend: (Time is in decaauts)
 A = Elapsed time spent in this place.
 B = Non-inter-level travel time spent in this place.
 C = Inter-level travel time spent in this place.
 D = Time resting spent in this place.
 E = Time spent auto-exploring this place.
 F = Levels seen in this place.
 G = Mean time per level.
                   A        B        C        D        E       F      G
               +--------+--------+--------+--------+--------+-----+--------+
         Total |   3254 |   3176 |     78 |     19 |   2673 |   5 |  650.8 |
       Dungeon |   3087 |   3038 |     49 |     19 |   2552 |   4 |  771.8 |
        Temple |    166 |    137 |     29 |      0 |    121 |   1 |  166.0 |
               +--------+--------+--------+--------+--------+-----+--------+

Top non-repeatable levels by time:
     D:1: 1153 daAuts
     D:3: 864 daAuts
     D:2: 836 daAuts
     D:4: 233 daAuts
  Temple: 166 daAuts
